 Dungeon Sprint DCSS version 0.30.1-3-gfc49f6343a (webtiles) character file.

Game seed: 14763444595947862612

11600000 Groucho the Axe Maniac (level 27, -51/228 HPs)
             Began as a Djinni Warper on July 18, 2023.
             Was the Champion of Makhleb.
             Killed by the air
             ... invoked by a tyrant
              (56 damage)
             ... in the Dungeon (Sprint VIII: "Arena of Blood").
             The game lasted 00:05:43 (116 turns).

Groucho the Axe Maniac (Djinni Warper)               Turns: 116, Time: 00:05:44

Health: -51/228    AC:  6    Str: 10    XL:     27
Gold:   0          EV: 29    Int: 24    God:    Makhleb [******] SH:  0 Dex: 18

rFire   + + .        i - +∞ Axe of Woe
rCold   x . .        (shield currently unavailable)
rNeg    . . .        b - +0 leather armour
rPois   ∞            (no helmet)
rElec   .            (no cloak)
rCorr   .            (no gloves)
SInv    +            (boots unavailable)
Will    ++...        (no amulet)
Stlth   +++++++++    j - ring of see invisible
HPRegen 0.58/turn    (no ring)
MPRegen 0.00/turn

%: no teleportation, infuse magic (-52 HP)
@: flying, slowed, very slow
A: sickness immunity, fire resistance 2, cold vulnerability 1, float, innate
caster, HP casting, extra vitality 1
a: Renounce Religion, Minor Destruction, Lesser Servant of Makhleb, Major
Destruction, Greater Servant of Makhleb


You were in the Dungeon.
You worshipped Makhleb.
Makhleb was exalted by your worship.
You visited 1 branch

Inventory:

Hand Weapons
 a - a +0 hand axe
 i - the +∞ Axe of Woe (weapon)
   (You found it in the Dungeon)
Missiles
 d - 7 boomerangs of dispersal
Armour
 b - a +0 leather armour (worn)
Jewellery
 j - a ring of see invisible (left hand)
 k - a +250 ring of slaying
 l - a +200 ring of slaying
 m - a +200 ring of slaying
 n - a +30 ring of slaying
 o - a +100 ring of slaying
 p - a +200 ring of slaying
 q - a +250 ring of slaying
 r - a +200 ring of slaying
 s - a +200 ring of slaying
 t - a +200 ring of slaying
Scrolls
 c - 2 scrolls of blinking
Potions
 e - a potion of curing
 f - a potion of heal wounds
 g - a potion of haste
 h - a potion of berserk rage


   Skills:
 O Level 27 Fighting
 O Level 27 Short Blades
 O Level 27 Long Blades
 O Level 27 Axes
 O Level 27 Maces & Flails
 O Level 27 Polearms
 O Level 27 Staves
 O Level 27 Ranged Weapons
 O Level 27 Throwing
 O Level 27 Armour
 O Level 27 Dodging
 O Level 27 Stealth
 O Level 27 Shields
 O Level 27 Unarmed Combat
 O Level 27 Spellcasting
 O Level 27 Invocations
 O Level 27 Evocations


You knew the following spells:

 Your Spells              Type           Power      Damage    Failure   Level
a - Blink                 Tloc           100%       N/A       0%          2
b - Lesser Beckoning      Tloc           100%       N/A       0%          2
c - Vhi's Electric Charg  Tloc/Air       100%       N/A       0%          3
d - Teleport Other        Tloc           100%       N/A       0%          3
e - Manifold Assault      Tloc           100%       N/A       0%          4
f - Foxfire               Conj/Fire      100%       2x1d9     0%          1
g - Ensorcelled Hibernat  Hex/Ice        100%       N/A       0%          2
h - Volatile Blastmotes   Fire/Tloc      100%       2d18      0%          3
i - Anguish               Hex/Necr       52%        N/A       0%          4
j - Silence               Hex/Air        52%        N/A       0%          5
k - Agony                 Necr           100%       N/A       0%          5
l - Summon Cactus Giant   Summ           52%        N/A       0%          6
m - Conjure Ball Lightni  Conj/Air       52%        3x3d18    0%          6
n - Dispersal             Tloc           52%        N/A       0%          6
o - Spellforged Servitor  Conj/Summ      52%        N/A       0%          7
p - Borgnjor's Revivific  Necr           52%        N/A       1%          8
q - Disjunction           Tloc           52%        N/A       1%          8
r - Chain Lightning       Conj/Air       52%        3d69      1%          9
Your spell library was empty.

Dungeon Overview and Level Annotations

Branches:
Dungeon (1/1)

Altars:
Makhleb


Innate Abilities, Weirdness & Mutations

You are immune to sickness and miasma.
You are immune to poison.
Your flesh is very heat resistant. (rF++)
You are vulnerable to cold. (rC-)
You float through the air rather than walking.
You learn spells naturally, not from books.
Your magical power is your life essence.
You have superior vitality. (+4 MHP)


Message History

You kill the meat berserker!
Makhleb accepts your kill.
You feel better.
You hear a shout!
The tyrant waves its bony arms in wide circles.
The air twists around and strikes you!!
* * * LOW HITPOINT WARNING * * *
You hear a shout!
The eight-headed meat hydra calls on the powers of darkness!
The eight-headed meat hydra convulses!
The meat berserker convulses! x2
The eight-headed meat hydra convulses!
The scourge convulses!
Your body is wracked with pain!
* * * LOW HITPOINT WARNING * * *
A large bag of meat comes into view. It is wielding a +9 giant spiked club.
You hear a shout! x2
The eight-headed meat hydra calls on the powers of darkness!
The eight-headed meat hydra convulses!
The bag of meat convulses! x2
The meat berserker convulses!
The bag of meat convulses!
Your body is wracked with pain!
* * * LOW HITPOINT WARNING * * *
The scourge convulses!
You hear a shout!
The tyrant casts a spell.
You hear a shout!
The meat berserker rages.
The accursed gestures at you while chanting.
Something smites you!
* * * LOW HITPOINT WARNING * * *
The eight-headed meat hydra calls on the powers of darkness!
The eight-headed meat hydra convulses!
The meat berserker convulses!
The bag of meat convulses!
The meat berserker convulses!
The scourge convulses!
Your body is wracked with pain!
* * * LOW HITPOINT WARNING * * *
The eight-headed meat hydra convulses! x2; The large bag of meat convulses!
The large bag of meat shouts in stereo!
Flame seeps out of the large bag of meat.
The scourge convulses!
The tyrant waves its bony arms in wide circles.
The air twists around and strikes you!!!
You die...

#........_..)...
.o)V..#...).# .O)
..§.OL#_)<._#X.).
..)Xoz#.....#.XD.
#.oDMX).._..XOL.X
....SM.)###XXXO..
)).###))....D###.
.....#.o)X)))#....
....)#))☼@S).#....
..)).).)○°☼☼.D...§
o.).)..○○○○.....)#
..)).....)☼..).)#
.).)).)))S°...##.
....#..)))°.)#)W..
....).....)))#...#
...##)#.).)..).)..
..)............)..


You could see 2 accurseds, 2 tentacled monstrosities, 2 tyrants, 4 eight-headed
meat hydras, a destroyer, 3 scourges, a sculptor of flesh, a large bag of meat
(inner flame), 8 large abominations, a dread, 3 meat berserkers and 3 bags of
meat.

Vanquished Creatures
  6 hell beasts (D)
  4 royal mummies (D)
  5 great orbs of eyes (D)
  3 wraiths (D)
  15 vampire knights (D)
  40 ogres (D)
  5 two-headed ogres (D)
  7 liches (D)
  4 phantoms (D)
  51 orcs (D)
  7 skeletal warriors (D)
  A sea snake (D)
148 creatures vanquished.

Notes
Turn   | Place    | Note
-------+----------+-------------------------------------------
     0 | D        | Found the +∞ Axe of Woe
     0 | D        | Groucho the Djinni Warper began the quest for the Orb.
     0 | D        | Groucho set off with the following spells memorised: Blink,
                  | Lesser Beckoning, Vhi's Electric Charge, Teleport Other,
                  | Manifold Assault.
     0 | D        | Reached XP level 1. HP: 18/18 MP: 0/0
     1 | D        | Noticed a bag of meat
     2 | D        | Noticed a bag of meat
     2 | D        | Noticed a bag of meat
     4 | D        | Became a worshipper of Makhleb the Destroyer
     5 | D        | Noticed a bag of meat
     6 | D        | Killed a bag of meat
     6 | D        | Noticed a bag of meat
     6 | D        | Noticed a bag of meat
     6 | D        | Noticed a bag of meat
     7 | D        | Reached skill level 15 in Axes
     7 | D        | Reached skill level 10 in Spellcasting
     7 | D        | Reached XP level 2. HP: 23/23 MP: 0/0
     7 | D        | Reached XP level 3. HP: 28/28 MP: 0/0
     7 | D        | Learned a level 1 spell: Foxfire
     7 | D        | Reached XP level 4. HP: 33/33 MP: 0/0
     7 | D        | Reached XP level 5. HP: 38/38 MP: 0/0
     7 | D        | Learned a level 2 spell: Ensorcelled Hibernation
     7 | D        | Reached XP level 6. HP: 43/43 MP: 0/0
     7 | D        | Reached XP level 7. HP: 49/49 MP: 0/0
     7 | D        | Learned a level 3 spell: Volatile Blastmotes
     7 | D        | Reached XP level 8. HP: 54/54 MP: 0/0
     7 | D        | Reached XP level 9. HP: 58/58 MP: 0/0
     7 | D        | Learned a level 4 spell: Anguish
     7 | D        | Reached XP level 10. HP: 64/64 MP: 0/0
     7 | D        | Reached XP level 11. HP: 68/68 MP: 0/0
     7 | D        | Learned a level 5 spell: Silence
     7 | D        | Killed a bag of meat
     7 | D        | Reached * piety under Makhleb
     7 | D        | Killed a bag of meat
     7 | D        | Killed a bag of meat
     7 | D        | Noticed a meat berserker
     8 | D        | Reached XP level 12. HP: 70/74 MP: 0/0
     8 | D        | Reached XP level 13. HP: 73/78 MP: 0/0
     8 | D        | Learned a level 5 spell: Agony
     8 | D        | Killed a bag of meat
     8 | D        | Reached ** piety under Makhleb
     8 | D        | Killed a meat berserker
     8 | D        | Killed a bag of meat
     9 | D        | Reached XP level 14. HP: 85/85 MP: 0/0
     9 | D        | Reached XP level 15. HP: 89/89 MP: 0/0
     9 | D        | Learned a level 6 spell: Summon Cactus Giant
     9 | D        | Reached *** piety under Makhleb
    11 | D        | Noticed a meat berserker
    11 | D        | Noticed a meat berserker
    14 | D        | Killed a meat berserker
    15 | D        | Killed a meat berserker
    16 | D        | Reached skill level 27 in Axes
    16 | D        | Reached XP level 16. HP: 94/94 MP: 0/0
    16 | D        | Noticed a meat berserker
    16 | D        | Reached **** piety under Makhleb
    16 | D        | Killed a meat berserker
    17 | D        | Reached skill level 27 in Dodging
    17 | D        | Reached XP level 17. HP: 99/99 MP: 0/0
    17 | D        | Learned a level 6 spell: Conjure Ball Lightning
    17 | D        | Reached ***** piety under Makhleb
    17 | D        | Noticed a meat berserker
    18 | D        | Reached skill level 27 in Spellcasting
    18 | D        | Noticed a large bag of meat
    18 | D        | Noticed a meat berserker
    19 | D        | Noticed a meat berserker
    20 | D        | Reached skill level 15 in Fighting
    20 | D        | Reached XP level 18. HP: 97/138 MP: 0/0
    20 | D        | Noticed a large bag of meat
    20 | D        | Noticed a meat berserker
    20 | D        | Noticed a large bag of meat
    21 | D        | Killed a large bag of meat
    21 | D        | Reached ****** piety under Makhleb
    21 | D        | Killed a meat berserker
    21 | D        | Noticed a meat berserker
    22 | D        | Reached skill level 27 in Fighting
    22 | D        | Reached XP level 19. HP: 174/174 MP: 0/0
    22 | D        | Learned a level 6 spell: Dispersal
    22 | D        | Noticed a meat berserker
    23 | D        | Killed a large bag of meat
    23 | D        | Killed a meat berserker
    23 | D        | Noticed a destroyer
    24 | D        | Reached skill level 27 in Invocations
    24 | D        | Reached XP level 20. HP: 181/181 MP: 0/0
    24 | D        | Killed a meat berserker
    24 | D        | Noticed a large bag of meat
    25 | D        | Reached skill level 10 in Stealth
    25 | D        | Killed a large bag of meat
    25 | D        | Killed a meat berserker
    25 | D        | Killed a destroyer
    25 | D        | Noticed a destroyer
    26 | D        | Reached XP level 21. HP: 187/187 MP: 0/0
    26 | D        | Learned a level 7 spell: Spellforged Servitor
    27 | D        | Noticed a destroyer
    28 | D        | Killed a meat berserker
    28 | D        | Noticed a meat berserker
    29 | D        | Killed a meat berserker
    30 | D        | Noticed a destroyer
    31 | D        | Killed a destroyer
    31 | D        | Noticed a meat berserker
    32 | D        | Reached skill level 27 in Armour
    32 | D        | Reached skill level 27 in Stealth
    32 | D        | Reached XP level 22. HP: 194/194 MP: 0/0
    32 | D        | Killed a destroyer
    32 | D        | Killed a meat berserker
    32 | D        | Killed a large bag of meat
    32 | D        | Killed a meat berserker
    32 | D        | Noticed a destroyer
    33 | D        | Reached skill level 10 in Short Blades
    33 | D        | Reached skill level 10 in Long Blades
    33 | D        | Reached skill level 10 in Staves
    33 | D        | Reached XP level 23. HP: 201/201 MP: 0/0
    33 | D        | Learned a level 8 spell: Borgnjor's Revivification
    34 | D        | Killed a destroyer
    34 | D        | Killed a destroyer
    36 | D        | Reached skill level 15 in Shields
    36 | D        | Reached skill level 15 in Unarmed Combat
    36 | D        | Reached skill level 15 in Evocations
    36 | D        | Reached XP level 24. HP: 208/208 MP: 0/0
    38 | D        | Noticed a destroyer
    39 | D        | Noticed a destroyer
    40 | D        | Killed a destroyer
    41 | D        | Reached skill level 15 in Short Blades
    41 | D        | Reached skill level 15 in Long Blades
    41 | D        | Reached skill level 15 in Staves
    42 | D        | Reached skill level 15 in Maces & Flails
    42 | D        | Reached skill level 15 in Polearms
    42 | D        | Reached skill level 15 in Ranged Weapons
    42 | D        | Reached skill level 15 in Throwing
    42 | D        | Killed a destroyer
    43 | D        | Reached XP level 25. HP: 214/214 MP: 0/0
    43 | D        | Learned a level 8 spell: Disjunction
    43 | D        | Noticed a destroyer
    43 | D        | Killed a destroyer
    50 | D        | Reached XP level 26. HP: 221/221 MP: 0/0
    54 | D        | Noticed a tyrant
    55 | D        | Noticed a tyrant
    58 | D        | Noticed an accursed
    58 | D        | Killed an accursed
    58 | D        | Killed a tyrant
    58 | D        | Killed a tyrant
    62 | D        | Noticed a dread
    63 | D        | Killed a dread
    64 | D        | Reached XP level 27. HP: 222/228 MP: 0/0
    64 | D        | Learned a level 9 spell: Chain Lightning
    70 | D        | Noticed a meat beast
    72 | D        | Noticed a dread
    72 | D        | Killed a dread
    72 | D        | Noticed a destroyer
    73 | D        | Reached skill level 27 in Shields
    73 | D        | Reached skill level 27 in Unarmed Combat
    73 | D        | Reached skill level 27 in Evocations
    75 | D        | Killed a meat beast
    75 | D        | Killed a destroyer
    76 | D        | Reached skill level 27 in Short Blades
    76 | D        | Reached skill level 27 in Long Blades
    76 | D        | Reached skill level 27 in Staves
    77 | D        | Noticed a tyrant
    77 | D        | Noticed a tyrant
    77 | D        | Noticed a large bag of meat
    80 | D        | Killed a large bag of meat
    80 | D        | Noticed a meat beast
    81 | D        | Reached skill level 27 in Maces & Flails
    81 | D        | Reached skill level 27 in Polearms
    81 | D        | Reached skill level 27 in Ranged Weapons
    81 | D        | Reached skill level 27 in Throwing
    81 | D        | Noticed a meat beast
    82 | D        | Killed a tyrant
    83 | D        | Killed a meat beast
    84 | D        | Killed a tyrant
    85 | D        | Noticed a meat beast
    85 | D        | Killed a meat beast
    85 | D        | Noticed a meat beast
    85 | D        | Noticed a destroyer
    86 | D        | Noticed a meat beast
    87 | D        | Killed a meat beast
    87 | D        | Noticed a destroyer
    88 | D        | Killed a destroyer
    89 | D        | Killed a meat beast
    89 | D        | Noticed a tyrant
    91 | D        | Killed a meat beast
    92 | D        | Noticed an accursed
    93 | D        | Killed a destroyer
    93 | D        | Killed an accursed
    93 | D        | Noticed a destroyer
    94 | D        | Killed a tyrant
    95 | D        | Noticed a tyrant
    95 | D        | Killed a destroyer
    95 | D        | Killed a tyrant
    96 | D        | Noticed an accursed
    99 | D        | Noticed an accursed
    99 | D        | Killed an accursed
   102 | D        | Noticed a destroyer
   103 | D        | Noticed an accursed
   104 | D        | Noticed a tyrant
   105 | D        | Killed a destroyer
   106 | D        | Killed a tyrant
   107 | D        | Killed an accursed
   108 | D        | Noticed a dread
   108 | D        | Killed a dread
   108 | D        | Noticed an accursed
   109 | D        | Noticed a destroyer
   110 | D        | Killed a destroyer
   110 | D        | Noticed a tyrant
   111 | D        | Noticed a destroyer
   111 | D        | Noticed a tyrant
   112 | D        | Noticed a destroyer
   113 | D        | HP: 8/228 [??? (5)]
   115 | D        | Killed a destroyer
   116 | D        | Noticed a dread
   116 | D        | Noticed a large bag of meat
   116 | D        | Killed from afar by a tyrant

Illustrated notes

Levels and vault maps discovered:
D:        meatsprint

Skill      XL: |  1  2  3  4  5  6  7  8  9 10 11 12 13 14 15 16 17 18 19 20 21 22 23 24 25 26 27 |
---------------+----------------------------------------------------------------------------------+-----
Axes           | 15 20 23 27 | 27.0
Dodging        | 14 19 22 25 27 | 27.0
Spellcasting   | 10 14 16 18 23 27 | 27.0
Fighting       | 15 27 | 27.0
Invocations    | 13 27 | 27.0
Armour         | 3 22 27 | 27.0
Stealth        | 3 20 27 | 27.0
Short Blades   | 4 10 14 17 20 23 27 | 27.0
Long Blades    | 4 10 14 17 20 23 27 | 27.0
Maces & Flails | 3 9 13 16 18 21 27 | 27.0
Polearms       | 3 9 13 16 18 21 27 | 27.0
Staves         | 4 10 14 17 20 23 27 | 27.0
Ranged Weapons | 3 9 13 16 18 21 27 | 27.0
Throwing       | 4 9 13 16 18 21 27 | 27.0
Shields        | 4 11 15 19 21 24 27 | 27.0
Unarmed Combat | 4 11 15 19 21 24 27 | 27.0
Evocations     | 4 11 15 19 21 24 27 | 27.0

Action                     |  1- 3 |  4- 6 |  7- 9 | 10-12 | 13-15 | 16-18 | 19-21 | 22-24 | 25-27 || total
---------------------------+-------+-------+-------+-------+-------+-------+-------+-------+-------++-------
  Melee: Executioner's axe |     1 |       |       |     3 |     6 |    13 |    13 |    19 |    98 ||   153
   Cast: Manifold Assault  |       |       |       |     1 |     1 |     3 |     2 |     5 |    25 ||    37
         Volatile Blastmot |       |       |       |       |       |       |     1 |       |       ||     1
  Dodge: Dodged            |       |       |       |       |       |       |       |       |     4 ||     4
